 Dungeon Crawl Stone Soup version 0.31-a0-764-g8440623082 (webtiles) character file.

Game seed: 16920005987530124764

270320 Jannitor the Acrobat (level 19, -10/184 HPs)
             Began as a Vampire Berserker on Aug 25, 2023.
             Was an Elder of Makhleb.
             Killed from afar by Nikola (45 damage)
             ... with an arc of chain lightning
             ... on level 1 of the Vaults on Sept 15, 2023.
             The game lasted 02:02:12 (43287 turns).

Jannitor the Acrobat (Vampire Berserker)           Turns: 43287, Time: 02:02:12

Health: -10/184    AC: 33    Str: 20    XL:     19   Next: 42%
Magic:  31/31      EV: 31    Int:  9    God:    Makhleb [****..]
Gold:   1569       SH: 15    Dex: 25    Spells: 18/18 levels left

rFire   . . .        s - +4 quick blade (vamp)
rCold   . . .        d - +1 kite shield
rNeg    + . .        y - melded +5 swamp dragon scales
rPois   ∞            j - +2 hat {Stlth+}
rElec   +            D - +0 cloak
rCorr   .            (gloves currently unavailable)
SInv    +            i - melded +2 pair of boots
Will    ++...        z
                       - Hermit's Pendant {Faith Invo=14 Evo=0 MP+5}
Stlth   ++++++++     b - ring "Ruyn" {rPois Will+ Str+4 Dex+3}
HPRegen 0.70/turn    t - +4 ring of protection
MPRegen 0.22/turn

%: faith
@: about to teleport, statue-form, marked, healing quickly, studying Stealth,
very slow
A: slow and powerful, torment resistance 1, boosted hp, alive, fangs 3, see
invisible, vampiric 2, low MP 1, inability to drink after injury 1
}: 2/15 runes: decaying, gossamer
a: Exsanguinate, Begin Untransformation, Renounce Religion, Minor Destruction,
Lesser Servant of Makhleb, Major Destruction


You were on level 1 of the Vaults.
You worshipped Makhleb.
Makhleb was greatly pleased with you.
You were a living statue of rough stone.
You visited 8 branches of the dungeon, and saw 35 of its levels.

You collected 3613 gold pieces.
You spent 2044 gold pieces at shops.

Inventory:

Hand Weapons
 s - a +4 vampiric quick blade (weapon)
Missiles
 u - 6 throwing nets
 C - 4 curare-tipped darts (quivered)
Armour
 d - a +1 kite shield (worn)
 i - a +2 pair of boots (melded)
 j - a +2 hat of stealth (worn)
 y - +5 swamp dragon scales (melded)
 D - a +0 cloak (worn)
Jewellery
 a - a ring of resist corrosion
 b - the ring "Ruyn" (left fist) {rPois Will+ Str+4 Dex+3}
   (You bought it in a shop on level 1 of the Elven Halls)

   [ring of poison resistance]

   Str+4:     It affects your strength (+4).
   Dex+3:     It affects your dexterity (+3).
   rPois:     It protects you from poison Will+: It increases your willpower.
 e - a ring of willpower
 k - the amulet "Soaq" {Reflect -Tele rElec rF+ Int+5 SH+5}
   (You acquired it on level 3 of the Elven Halls)

   [amulet of reflection]

   Reflect:   It reflects blocked missile attacks.
   Int+5:     It affects your intelligence (+5).
   rF+:       It protects you from fire.
   rElec:     It insulates you from electricity.
   -Tele:     It prevents most forms of teleportation.
   SH+5:      It affects your SH (+5).
 t - a +4 ring of protection (right fist)
 z - the Hermit's Pendant (around neck) {Faith Invo=14 Evo=0 MP+5}
   (You found it on level 5 of the Dungeon)

   [amulet of faith]

   Invo=14: It sets your Invocations skill to 14.
   Evo=0: It sets your Evocations skill to 0.
   Faith:     It allows you to gain divine favour quickly.
   MP+5:      It affects your magic capacity (+5).
 A - a ring of protection from fire
 F - a ring of protection from cold
 X - a ring of protection from cold
Talismans
 l - a granite talisman (active)
 E - a maw talisman
Wands
 B - a wand of paralysis (32)
 G - a wand of flame (24)
 O - a wand of roots (18)
 P - a wand of polymorph (23)
 S - a wand of mindburst (16)
 V - a wand of light (22)
 Z - a wand of digging (18)
Scrolls
 c - a scroll of blinking
 g - 11 scrolls of vulnerability
 o - 7 scrolls of noise
 q - 2 scrolls of fear
 w - 6 scrolls of fog
 I - a scroll of teleportation
 N - 5 scrolls of poison
 Q - a scroll of silence
 R - 4 scrolls of identify
 U - 5 scrolls of revelation
 W - 5 scrolls of immolation
Potions
 f - 4 potions of ambrosia
 h - 5 potions of lignification
 m - 6 potions of might
 n - 3 potions of attraction
 p - 3 potions of resistance
 r - a potion of heal wounds
 v - 4 potions of enlightenment
 x - 7 potions of curing
 H - 4 potions of berserk rage
 J - 2 potions of invisibility
 K - 3 potions of mutation
 L - a potion of haste
 M - 6 potions of brilliance
 T - 2 potions of magic
 Y - 2 potions of cancellation


   Skills:
 + Level 14.7 Fighting
 - Level 14.3 Short Blades
 - Level 10.0 Armour
 * Level 21.6 Dodging
 - Level 16.9 Stealth
 + Level 10.0 Shields
 + Level 2.3(14.0) Invocations
 + Level 15.2 Shapeshifting


You had 18 spell levels left.
You didn't know any spells.
Your spell library contained the following spells:

 Spells                   Type           Power      Damage    Failure   Level
 Scorch                   Fire           0%         2d5       75%         2
 Wereblood                Tmut           0%         N/A       75%         2
 Flame Wave               Conj/Fire      0%         2d4       100%        4
 Fireball                 Conj/Fire      0%         3d3       100%        5
 Iskenderun's Battlesphe  Conj           0%         2d6       100%        5
 Conjure Ball Lightning   Conj/Air       0%         3x3d6     100%        6
 Summon Cactus Giant      Summ           0%         N/A       100%        6
 Orb of Destruction       Conj           0%         9d5       100%        7
 Summon Hydra             Summ           0%         N/A       100%        7
 Sublimation of Blood     Necr           Unusable   N/A       N/A         2

Dungeon Overview and Level Annotations

Branches:
Dungeon (15/15)            Temple (1/1) D:5            Lair (5/5) D:11
  Swamp (4/4) Lair:3       Spider (4/4) Lair:2        Slime (0/5) Lair:5
    Orc (2/2) D:11            Elf (3/3) Orc:2        Vaults (1/5) D:14
 Depths: D:15

Altars:
Ashenzari
Cheibriados
Dithmenos
Fedhas
Gozag
Hepliaklqana
Kikubaaqudgha
Makhleb
Nemelex Xobeh
Okawaru
Qazlal
Ru
Sif Muna
Trog
Uskayaw
Vehumet
Wu Jian
Xom
Yredelemnul

Shops:
D:4 :[:   D:11 *   Orc:1 [   Orc:2 ?**?   Elf:1 ::=:

Annotations:
D:2 1 runed translucent door, Crazy Yiuf
Lair:3 exclusion: hydra
Lair:4 1 runed translucent door, exclusions: 2 death yaks and torpor snail, Vontreibholz's ghost, journeyman MiFi
Elf:1 3 runed translucent doors
Elf:2 1 runed translucent door, exclusion: ice statue, Zeofi's ghost, adept DsNe
Vaults:1 Nikola


Innate Abilities, Weirdness & Mutations

You are a living statue of rough stone.
Your actions are slow, but your melee attacks are powerful.
You are resistant to unholy torment.
Your maximum health is increased.
Your equipment is partially melded.
Your natural rate of healing is accelerated.
You have razor-sharp teeth.
You have supernaturally acute eyesight. (SInv)
You are afflicted with vampirism and can become a bat while bloodless.
Your magical capacity is low. (-10% MP)
You occasionally lose the ability to drink potions when taking damage.


Message History

Unknown command.
Okay, then.
Unknown command.
Okay, then.
Unknown command.
Okay, then.
Unknown command.
Unknown command.
Unknown command.
Unknown command.
Unknown command.
As you read the scroll of teleportation, it crumbles to dust.
You feel strangely unstable.
Nikola gestures wildly while chanting.
Nikola blinks!
The vault warden hits you but does no damage.
The vault sentinel points at you and mumbles some strange words.
You resist with significant effort. The vault guard misses you.
Unknown command.
You block the vault warden's attack.
The vault sentinel points at you and mumbles some strange words.
You resist with significant effort.
The vault guard hits you from afar with a +0 bardiche!!
Nikola casts a spell.
Lightning arcs from Nikola's hands!
The bolt of lightning hits the vault guard!!!
The vault guard dies!
A bolt of lightning appears from out of thin air!
The bolt of lightning hits the vault sentinel!!!
The vault sentinel dies!
The bolt of lightning hits Nikola!
The bolt of lightning hits the vault warden!!
The bolt of lightning hits you!! You resist.
* * * LOW HITPOINT WARNING * * *
You block the vault warden's attack.
Nikola gestures wildly while chanting.
Lightning arcs from Nikola's hands!
The bolt of lightning hits the vault warden!!!
The bolt of lightning hits you!!! You resist.
You die...

#...# #...# #.pp# #.pp# #
#...##.#########.#
#...##....)......#
#..)#########+###########
#....)..........)........
#....))p8........[.......
#..@##########+##########
#...# #.........# #...#
##.......## #...#
#...∩...# #...# ##....)##
#...# #..>..# ##...##
#####


You could see Nikola (strong) and a vault warden (strong).

Vanquished Creatures
  Bai Suzhen (Spider:3)
  Arachne (Spider:3)
  Jorgrun (D:14)
  Mlioglotl (Swamp:1)
  Zenata (Elf:3)
  A deep elf master archer (Elf:3)
  3 deep elf blademasters
  Gastronok (D:12)
  Agnes (D:14)
  A thorn hunter (Swamp:4)
  Aizul (Spider:4)
  Donald (Spider:4)
  An azure jelly (Swamp:4)
  Roxanne (Spider:4)
  A fenstrider witch (Swamp:2)
  3 ghost moths (Spider:4)
  5 deep elf sorcerers
  8 emperor scorpions
  Louise (Swamp:3)
  A war gargoyle (Vaults:1)
  6 deep elf elementalists (Elf:3)
  A broodmother (Spider:4)
  2 stone giants (Swamp:4)
  Nessos (D:12)
  4 eleionomae
  7 deep elf annihilators
  A deep elf demonologist (Elf:1)
  7 deep elf death magi
  6 bunyips
  2 ettins
  A fire dragon (D:14)
  Josephine (D:13)
  The ghost of disskorpion the Carver, a journeyman VSGl of Gozag (Lair:2)
  3 deep elf high priests (Elf:3)
  4 ice dragons
  Harold (Lair:2)
  2 entropy weavers (Lair:2)
  2 rakshasas (D:14)
  7 hydras
  2 radroaches
  2 jorogumos
  A peacekeeper (Vaults:1)
  4 ghost crabs
  Erica (D:9)
  A spriggan air mage (Swamp:1)
  5 centaur warriors
  2 ogre magi (Orc:2)
  11 alligators
  4 catoblepae (Lair:5)
  3 death yaks (Lair:5)
  7 boulder beetles
  29 dancing weapons
  8 demonic crawlers
  The ghost of Opraxtapo the Grappler, a novice TrCK of Xom (D:12)
  18 two-headed ogres
  A tengu warrior (D:15)
  Urug (Lair:2)
  Nergalle (D:12)
  15 deep elf knights
  5 spriggans (Swamp:3)
  Amaemon (Lair:3)
  A sun moth (Spider:3)
  A skyshark (Lair:4)
  4 goliath frogs
  A skeletal warrior (D:14)
  4 pharaoh ants
  2 deep trolls (Orc:2)
  7 bog bodies
  2 spriggan druids (Swamp:3)
  3 orb spiders
  A glowing orange brain (shapeshifter) (Elf:3)
  A phantasmal warrior (D:14)
  3 swamp dragons
  13 deep elf archers
  34 deep elf zephyrmancers
  2 orc knights (D:12)
  An orange crystal statue (Elf:3)
  24 deep elf pyromancers
  A harpy (shapeshifter) (Elf:1)
  A lindwurm (Lair:3)
  12 ugly things
  2 ironbound convokers (Vaults:1)
  3 steelbarb worms
  10 will-o-the-wisps
  26 wolf spiders
  9 cyclopes
  7 elephants
  An orc sorcerer (Orc:1)
  3 moths of wrath
  A guardian serpent (shapeshifter) (D:14)
  A torpor snail (Spider:4)
  2 black mambas
  7 cane toads
  An orange demon (Lair:3)
  4 kobold demonologists
  Maggie (D:6)
  A rime drake (shapeshifter) (Elf:3)
  A gargoyle (D:13)
  Jeremiah (D:7)
  5 rime drakes
  A yaktaur (Vaults:1)
  3 komodo dragons
  7 freezing wraiths
  3 tengu conjurers
  A polar bear (Swamp:4)
  10 meliai
  12 trolls
  14 tyrant leeches
  20 tarantellas
  4 hornets
  A raiju (shapeshifter) (D:14)
  14 blink frogs
  27 jumping spiders
  Sigmund (D:3)
  21 culicivoras
  An air elemental (Elf:1)
  A shadow (D:11)
  5 wraiths
  40 yaks
  A vampire (D:12)
  3 fire elementals
  4 wyverns
  2 basilisks
  A hog (shapeshifter) (D:14)
  A death yak simulacrum (Lair:2)
  65 redbacks
  25 vampire mosquitoes
  3 swamp worm simulacra (Swamp:4)
  3 wargs
  Menkaure (D:4)
  The ghost of Ijustatesigmund the Shield-Bearer, an amateur GrFi (D:4)
  16 swamp worms
  17 hydra simulacra (Swamp:4)
  12 water moccasins
  6 acid dragons
  A floating eye (shapeshifter) (D:14)
  A swamp drake (Swamp:1)
  3 ice beasts
  2 black bears
  17 orc warriors
  5 wolves (Lair:4)
  21 ogres
  7 centaurs
  A phantom (D:5)
  18 bullfrogs
  4 kobold brigands
  2 earth elementals (Elf:2)
  4 scorpions
  A cane toad simulacrum (Lair:2)
  3 gnoll sergeants
  28 killer bees
  A lindwurm simulacrum (Lair:2)
  3 troll zombies (Swamp:1)
  2 troll skeletons (Swamp:1)
  A vampire bat (Orc:2)
  A torpor snail simulacrum (Lair:2)
  3 electric eels
  3 howler monkeys (D:8)
  A komodo dragon simulacrum (Lair:2)
  A hound (D:5)
  14 jellies (Lair:5)
  11 orc priests
  4 sleepcaps
  7 hell rats (Lair:5)
  22 orc wizards
  3 iguanas
  Terence (D:1)
  18 gnolls
  12 adders
  2 shadow imps
  3 white imps
  5 swamp drake simulacra (Swamp:4)
  3 worms
  2 dart slugs
  64 orcs
  11 ball pythons
  9 bats
  5 endoplasms
  3 giant cockroaches
  9 goblins
  2 hobgoblins
  7 jackals
  A quokka (D:2)
  22 kobolds
  5 rats
  A spectral orc (D:4)
1148 creatures vanquished.

Vanquished Creatures (collateral kills)
  Asterion (Elf:3)
  A deep elf master archer (Elf:3)
  A deep elf sorcerer (Elf:3)
  A deep elf demonologist (Elf:3)
  A deep elf high priest (Elf:3)
  A two-headed ogre (Orc:2)
  2 death yaks (Lair:5)
  2 manticores (Lair:5)
  3 blink frogs (Lair:1)
  An orc warrior (Orc:2)
  2 orcs (Orc:2)
16 creatures vanquished.

Vanquished Creatures (others)
  A deep elf annihilator (Elf:3)
  A shambling mangrove (Swamp:3)
  A vault guard (Vaults:1)
  A deep elf knight (Elf:1)
  A wizard (Vaults:1)
  A vault sentinel (Vaults:1)
  2 bloated husks (Swamp:3)
  A tyrant leech (Spider:4)
  3 hornets
  3 spriggans
  A culicivora (Spider:4)
  A swamp drake (Swamp:2)
  70 foxfires
87 creatures vanquished.

Grand Total: 1251 creatures vanquished

Notes
Turn   | Place    | Note
-------+----------+-------------------------------------------
     0 | D:1      | Jannitor the Vampire Berserker began the quest for the Orb.
     0 | D:1      | Reached XP level 1. HP: 17/17 MP: 1/1
   207 | D:1      | Reached XP level 2. HP: 23/23 MP: 2/2
   396 | D:1      | Reached skill level 1 in Stealth
   443 | D:1      | Reached ** piety under Trog
   456 | D:1      | Gained mutation: You are afflicted with vampirism and can
                  | become a bat while bloodless. [Vampire growth]
   456 | D:1      | Reached XP level 3. HP: 23/28 MP: 3/3
   908 | D:2      | Noticed Terence
   923 | D:1      | Killed Terence
   968 | D:2      | Reached XP level 4. HP: 28/35 MP: 4/4
  1161 | D:2      | Found a runed translucent door.
  1162 | D:2      | Noticed Crazy Yiuf
  1285 | D:3      | Noticed Sigmund
  1293 | D:3      | Killed Sigmund
  1294 | D:3      | Reached skill level 3 in Dodging
  1294 | D:3      | Reached skill level 1 in Shapeshifting
  1294 | D:3      | Reached XP level 5. HP: 32/36 MP: 5/5
  1633 | D:3      | Found a large runed translucent door.
  1634 | D:3      | Found a large runed translucent door.
  1893 | D:3      | Reached XP level 6. HP: 37/37 MP: 6/6
  2051 | D:4      | Found Colasak's Antique Armour Shoppe.
  2118 | D:4      | Noticed Menkaure
  2133 | D:4      | Killed Menkaure
  2334 | D:4      | Reached *** piety under Trog
  2337 | D:4      | Found Leer's Book Shop.
  2352 | D:4      | Noticed an orc warrior
  2374 | D:4      | Killed an orc warrior
  2375 | D:4      | Reached skill level 4 in Dodging
  2375 | D:4      | Reached XP level 7. HP: 30/42 MP: 7/7
  2464 | D:4      | Found Tanan's Book Boutique.
  2647 | D:4      | Found a runed translucent gate.
  2648 | D:4      | Found a runed translucent gate.
  2649 | D:4      | Found a runed translucent gate.
  2649 | D:4      | Noticed Ijustatesigmund's ghost (amateur GrFi)
  2820 | D:4      | Found an iron altar of Okawaru.
  2861 | D:4      | Reached skill level 5 in Short Blades
  2870 | D:4      | Found a basalt altar of Yredelemnul.
  2915 | D:5      | Entered Level 5 of the Dungeon
  2929 | D:5      | Reached skill level 5 in Stealth
  3198 | D:5      | Found a staircase to the Ecumenical Temple.
  3302 | D:5      | Found a stormy altar of Qazlal.
  3402 | D:5      | Identified the +7 whip "Utwameq" {freeze, Dex+5}
  3434 | D:5      | Noticed a two-headed ogre
  3556 | D:5      | Reached XP level 8. HP: 39/61 MP: 8/8
  4233 | D:6      | Reached skill level 5 in Dodging
  4498 | D:6      | Noticed Maggie
  4581 | D:6      | Found a hazy altar of Hepliaklqana.
  4618 | D:6      | Reached **** piety under Trog
  5053 | D:6      | Reached skill level 5 in Fighting
  5597 | D:6      | Killed Maggie
  5598 | D:6      | Reached XP level 9. HP: 68/68 MP: 9/9
  5713 | D:5      | Found a faded altar of an unknown god.
  5713 | D:5      | Found the Hermit's Pendant {Faith Invo=14 Evo=0 MP+5}
  5721 | D:5      | Killed a two-headed ogre
  5722 | D:5      | Reached skill level 6 in Dodging
  6262 | D:7      | Found a bloodstained altar of Trog.
  6287 | D:7      | Reached skill level 5 in Shapeshifting
  6461 | D:7      | Reached skill level 5 in Armour
  6794 | D:7      | Noticed Jeremiah
  6834 | D:7      | Found a blossoming altar of Fedhas.
  6835 | D:7      | Found a broken altar of Ashenzari.
  7051 | D:7      | Killed Jeremiah
  7052 | D:7      | Reached XP level 10. HP: 69/76 MP: 20/20
  7272 | D:8      | Reached skill level 7 in Dodging
  7279 | D:8      | Found an ornate altar of the Wu Jian Council.
  7357 | D:8      | Found an opulent altar of Gozag.
  7360 | D:8      | Found a shimmering blue altar of Sif Muna.
  7780 | D:9      | Reached ***** piety under Trog
  8189 | D:9      | Noticed Erica
  8191 | D:9      | Killed Erica
  8192 | D:9      | Reached skill level 10 in Stealth
  8313 | D:9      | Noticed a rust devil
  8319 | D:9      | Noticed a rust devil
  8780 | D:10     | Entered Level 10 of the Dungeon
  8896 | D:10     | Noticed a two-headed ogre
  9122 | D:10     | Reached skill level 8 in Dodging
  9739 | D:10     | Killed a two-headed ogre
  9740 | D:10     | Reached XP level 11. HP: 84/84 MP: 21/21
  9971 | D:11     | Found a staircase to the Lair.
 10178 | D:11     | Found a staircase to the Orcish Mines.
 10284 | D:11     | Noticed a green ugly thing
 10296 | D:11     | Killed a green ugly thing
 10353 | D:11     | Received a gift from Trog
 10704 | D:11     | Found Fozetini's Assorted Antiques.
 10710 | D:11     | Bought a shimmering rapier for 261 gold pieces
 10710 | D:11     | Identified the +5 rapier of Vodka {heavy, rC+} (You bought
                  | it in a shop on level 11 of the Dungeon)
 10711 | D:11     | Bought a bubbling white potion for 26 gold pieces
 10711 | D:11     | Bought a bubbling white potion for 26 gold pieces
 10711 | D:11     | Bought a scroll labelled MOBEUP QOQUTSA for 29 gold pieces
 10711 | D:11     | Bought a scroll labelled XIM LUN NAKEF for 29 gold pieces
 11066 | Lair:1   | Entered Level 1 of the Lair of Beasts
 11131 | Lair:1   | Identified the +5 war axe of the Ancients {pain, Contam Fly
                  | rPois Str+3}
 11548 | Lair:1   | Reached skill level 9 in Dodging
 12111 | Lair:2   | Reached XP level 12. HP: 64/92 MP: 22/22
 12253 | Lair:2   | Noticed an ice dragon
 12258 | Lair:2   | Noticed Urug
 12262 | Lair:2   | Killed Urug
 12267 | Lair:2   | Found a hole to the Spider Nest.
 12321 | Lair:2   | Found a runed translucent gate.
 12321 | Lair:2   | Found a runed translucent gate.
 12343 | Lair:2   | Noticed Harold
 12354 | Lair:2   | Killed Harold
 12391 | Lair:2   | Identified the +0 rapier of Armageddon {speed, Dex+2}
 12406 | Lair:2   | Identified the +4 hand axe of the Briny Deep {venom, Dex+4}
 12417 | Lair:2   | Found a runed translucent gate.
 12710 | Lair:2   | Noticed disskorpion's ghost (journeyman VSGl)
 12834 | Lair:3   | Noticed an eight-headed hydra
 13039 | Lair:3   | Noticed a boulder beetle
 13066 | Lair:3   | Killed a boulder beetle
 13067 | Lair:3   | Reached skill level 10 in Short Blades
 13141 | Lair:3   | Received a gift from Trog
 13162 | Lair:3   | You fall into a shaft and drop 2 floors!
 13162 | Lair:5   | Entered Level 5 of the Lair of Beasts
 13213 | Lair:5   | Found a staircase to the Slime Pits.
 13555 | Lair:5   | Noticed an eight-headed hydra
 13561 | Lair:5   | Noticed a catoblepas
 13568 | Lair:5   | Noticed a four-headed hydra
 13583 | Lair:5   | Killed a four-headed hydra
 13584 | Lair:5   | Reached skill level 10 in Dodging
 13893 | Lair:4   | Noticed an eight-headed hydra
 13900 | Lair:4   | Killed an eight-headed hydra
 14029 | Lair:4   | Noticed a death yak
 14228 | Lair:4   | Identified the +0 robe of Dogma {Will+ Int+3}
 14259 | Lair:4   | Found a runed translucent door.
 14260 | Lair:4   | Found a shimmering altar of Xom.
 14260 | Lair:4   | Noticed Vontreibholz's ghost (journeyman MiFi)
 14288 | Lair:4   | Noticed a death yak
 14742 | Lair:3   | Noticed Amaemon
 14745 | Lair:3   | Killed Amaemon
 14746 | Lair:3   | Reached XP level 13. HP: 101/101 MP: 23/23
 14836 | Lair:3   | Found a staircase to the Swamp.
 16431 | Lair:5   | Reached skill level 11 in Dodging
 17493 | Lair:5   | Identified the -1 helmet "Oraloag" {Str+6 Stlth-}
 17724 | Orc:1    | Entered Level 1 of the Orcish Mines
 17859 | Orc:1    | Found a radiant altar of Vehumet.
 17953 | Orc:1    | Found a burning altar of Makhleb.
 17970 | Orc:1    | Reached skill level 15 in Stealth
 18044 | Orc:2    | Entered Level 2 of the Orcish Mines
 18115 | Orc:2    | Noticed an ettin
 18124 | Orc:2    | Killed an ettin
 18525 | Orc:2    | Reached XP level 14. HP: 78/109 MP: 24/24
 18644 | Orc:2    | Reached skill level 10 in Fighting
 18849 | Orc:1    | Found Luwatwa's Antique Armour Shoppe.
 18954 | Orc:2    | Reached skill level 10 in Shapeshifting
 19671 | Orc:2    | Found Usaunk's Magic Scroll Boutique.
 19821 | Orc:2    | Found Xos Guph's General Store.
 19822 | Orc:2    | Found Keoj's General Store.
 19824 | Orc:2    | Found Jiheal Fimp's Magic Scroll Shoppe.
 19924 | Orc:2    | Found a staircase to the Elven Halls.
 20058 | D:12     | Noticed Nessos
 20061 | D:12     | Killed Nessos
 20062 | D:12     | Reached skill level 12 in Dodging
 20250 | D:12     | Found a transporter.
 20275 | D:12     | Found a transporter.
 20282 | D:12     | Found a bloodstained altar of Trog.
 20290 | D:12     | Noticed Opraxtapo's ghost (novice TrCK)
 20370 | D:12     | Noticed Nergalle
 20592 | D:12     | Noticed Gastronok
 20616 | D:12     | Killed Gastronok
 20643 | D:12     | Killed Nergalle
 21072 | D:13     | Noticed Josephine
 21096 | D:13     | Killed Josephine
 21701 | D:13     | Found a sacrificial altar of Ru.
 22089 | D:14     | Noticed Agnes
 22523 | D:14     | Found a gate to the Vaults.
 22626 | D:14     | Reached XP level 15. HP: 70/117 MP: 25/25
 22713 | D:14     | Noticed Jorgrun
 22727 | D:14     | Killed Jorgrun
 22727 | D:14     | Received a gift from Trog
 22992 | D:14     | Identified the +1 hat of Gulejo {Will++ Dex-5 SInv}
 23057 | D:14     | Killed Agnes
 23058 | D:14     | Reached skill level 10 in Armour
 23127 | D:14     | Gained mutation: You occasionally shout uncontrollably at
                  | your foes. [potion of mutation]
 23127 | D:14     | Gained mutation: You are resistant to electric shocks.
                  | (rElec) [potion of mutation]
 23569 | D:15     | Entered Level 15 of the Dungeon
 24060 | Spider:1 | Entered Level 1 of the Spider Nest
 24264 | Lair:2   | Reached skill level 1 in Shields
 24298 | Lair:2   | Reached skill level 13 in Dodging
 24540 | Lair:2   | Got the ring "Zutoumosuo" {Fire Int+3}
 25061 | Elf:1    | Entered Level 1 of the Elven Halls
 25061 | Elf:1    | Noticed a deep elf sorcerer
 25061 | Elf:1    | Noticed a deep elf sorcerer
 25061 | Elf:1    | Found a runed translucent gate.
 25061 | Elf:1    | Found a runed translucent gate.
 25061 | Elf:1    | Found a runed translucent gate.
 25061 | Elf:1    | Found a runed translucent gate.
 25061 | Elf:1    | Found a runed translucent gate.
 25061 | Elf:1    | Found a runed translucent gate.
 25062 | Elf:1    | Found a runed translucent door.
 25120 | Elf:1    | Found a runed translucent door.
 25130 | Elf:1    | Noticed a deep elf sorcerer
 25145 | Elf:1    | Killed a deep elf sorcerer
 25340 | Elf:1    | Found Urhuet's Book Emporium.
 25917 | Elf:1    | Found Xeidieji's Book Emporium.
 25919 | Elf:1    | Found Xosmargh's Jewellery Boutique.
 25920 | Elf:1    | Found Guergh's Book Emporium.
 25928 | Elf:1    | Bought the ring "Ruyn" {rPois Will+ Str+4 Dex+3} for 473
                  | gold pieces
 25932 | Elf:1    | Bought a manual of Dodging for 960 gold pieces
 26573 | Elf:1    | Killed a deep elf sorcerer
 26581 | Elf:1    | Killed a deep elf sorcerer
 26615 | Elf:1    | Paralysed by an air elemental for 1 turns
 26617 | Elf:1    | Paralysed by an air elemental for 1 turns
 26669 | Elf:2    | Found a runed translucent door.
 26669 | Elf:2    | Noticed Zeofi's ghost (adept DsNe)
 26734 | Elf:2    | Received a gift from Trog
 26735 | Elf:2    | Reached skill level 14 in Dodging
 26735 | Elf:2    | Reached XP level 16. HP: 62/127 MP: 26/26
 27729 | Elf:2    | Reached skill level 15 in Dodging
 28268 | Elf:2    | Found a runed translucent gate.
 28268 | Elf:2    | Found a runed translucent gate.
 28272 | Elf:2    | Found a runed translucent gate.
 28295 | Elf:2    | Noticed a deep elf blademaster
 28309 | Elf:2    | Killed a deep elf blademaster
 28742 | Elf:2    | Reached skill level 5 in Shields
 28857 | Orc:2    | Bought a scroll of enchant weapon for 120 gold pieces
 28857 | Orc:2    | Bought a scroll of enchant weapon for 120 gold pieces
 29599 | Lair:2   | Killed disskorpion's ghost
 29600 | Lair:2   | Reached skill level 16 in Dodging
 29612 | Lair:2   | Received a gift from Trog
 30172 | Spider:1 | Reached skill level 17 in Dodging
 30506 | Spider:1 | Lost mutation: You are resistant to electric shocks.
                  | (rElec) [potion of mutation]
 30506 | Spider:1 | Lost mutation: You occasionally shout uncontrollably at
                  | your foes. [potion of mutation]
 30506 | Spider:1 | Gained mutation: You occasionally lose the ability to drink
                  | potions when taking damage. [potion of mutation]
 30506 | Spider:1 | Gained mutation: Your magical capacity is low. (-10% MP)
                  | [potion of mutation]
 30790 | Spider:2 | Reached ****** piety under Trog
 31175 | Spider:2 | Reached XP level 17. HP: 118/135 MP: 24/24
 31188 | Spider:2 | Received a gift from Trog
 32362 | Spider:3 | Noticed Arachne
 32365 | Spider:3 | Killed Arachne
 32366 | Spider:3 | Reached skill level 18 in Dodging
 32456 | Spider:3 | Noticed Bai Suzhen
 32569 | Spider:3 | Killed Bai Suzhen
 32650 | Spider:4 | Entered Level 4 of the Spider Nest
 33058 | Spider:4 | Received a gift from Trog
 33766 | Spider:4 | Noticed Donald
 33786 | Spider:4 | Killed Donald
 33921 | Spider:4 | Noticed Roxanne
 33922 | Spider:4 | Noticed Aizul
 33988 | Spider:4 | Received a gift from Trog
 34016 | Spider:4 | Reached skill level 19 in Dodging
 34367 | Spider:4 | Killed Aizul
 34560 | Spider:4 | Got a gossamer rune of Zot
 34858 | Spider:4 | Killed Roxanne
 35835 | Elf:2    | Identified the +6 short sword of Interdependent Arising
                  | {heavy, rElec} (Trog gifted it to you on level 2 of the
                  | Elven Halls)
 35835 | Elf:2    | Received a gift from Trog
 35921 | Elf:3    | Entered Level 3 of the Elven Halls
 35955 | Elf:3    | Identified a scroll of acquirement
 35956 | Elf:3    | Acquired the amulet "Soaq" {Reflect -Tele rElec rF+ Int+5
                  | SH+5}
 35972 | Elf:3    | Noticed Zenata
 35974 | Elf:3    | Killed Zenata
 35975 | Elf:3    | Reached XP level 18. HP: 144/144 MP: 25/25
 35990 | Elf:3    | Noticed Asterion
 36032 | Elf:3    | Killed Asterion
 36345 | Elf:3    | Paralysed by an air elemental for 1 turns
 36702 | Elf:3    | Reached skill level 20 in Dodging
 36910 | Elf:3    | Received a gift from Trog
 37489 | Elf:3    | Identified the +0 war axe of Hakh {chaos, rElec MP-9 Int+6}
 37677 | Elf:3    | Identified the +0 ice dragon scales "Zaime" {rPois rF- rC++
                  | rCorr Str-4 Int+5}
 37874 | Elf:3    | Found the +27 heavy crossbow "Sniper" {heavy, Acc+∞ SInv}
 37910 | Elf:3    | Upgraded the game from 0.31-a0-627-gd65175cf8b to
                  | 0.31-a0-675-g238779eb0a
 38190 | Temple   | Entered the Ecumenical Temple
 38203 | Temple   | Fell from the grace of Trog
 38203 | Temple   | Became a worshipper of Makhleb the Destroyer
 38339 | D:3      | Found an ancient bone altar of Kikubaaqudgha.
 38418 | D:4      | Killed Ijustatesigmund's ghost
 38647 | D:12     | Killed Opraxtapo's ghost
 38680 | D:12     | Reached * piety under Makhleb
 38886 | Swamp:1  | Entered Level 1 of the Swamp
 39144 | Swamp:1  | Noticed Mlioglotl
 39170 | Swamp:1  | Killed Mlioglotl
 39846 | Swamp:2  | Reached ** piety under Makhleb
 39847 | Swamp:2  | Reached skill level 21 in Dodging
 39922 | Swamp:2  | Paralysed by Trog for 4 turns
 40063 | Swamp:2  | Upgraded the game from 0.31-a0-675-g238779eb0a to
                  | 0.31-a0-702-gf82c85558f
 40084 | Swamp:2  | Reached XP level 19. HP: 153/153 MP: 26/26
 40393 | Swamp:3  | Noticed Louise
 40451 | Swamp:3  | Killed Louise
 40477 | Swamp:3  | Reached *** piety under Makhleb
 40478 | Swamp:3  | Reached skill level 15 in Shapeshifting
 41041 | Swamp:3  | Reached skill level 1 in Invocations
 41487 | Swamp:4  | Entered Level 4 of the Swamp
 41525 | Swamp:4  | Upgraded the game from 0.31-a0-702-gf82c85558f to
                  | 0.31-a0-764-g8440623082
 41583 | Swamp:4  | Reached **** piety under Makhleb
 42399 | Swamp:4  | Reached skill level 10 in Shields
 42566 | Swamp:4  | Reached ***** piety under Makhleb
 42585 | Swamp:4  | Got a decaying rune of Zot
 43206 | Vaults:1 | Entered Level 1 of the Vaults
 43262 | Vaults:1 | Noticed Nikola
 43287 | Vaults:1 | Killed from afar by Nikola

Illustrated notes

Levels and vault maps discovered:
D:1:      heliophobic_arrival_ceremonial_halls, layout_loops_corners,
          st_stairs_3
D:2:      layout_rooms, uniq_crazy_yiuf_cottage, uniq_terence
D:3:      layout_loops_ring, jmf_multi_god_temple2, uniq_sigmund
D:4:      layout_loops_ring, kennysheep_okawaru_gauntlet, kennysheep_mini,
          yredelemnul_forgotten_temple_becter, serial_shops,
          nicolae_shop_crystal, shop, kennysheep_mini_moat,
          gammafunk_ghost_nasty_kobolds, dk_rats_in_the_wall, uniq_menkaure
D:5:      minmay_inner_zag, layout_basic, mainiacjoe_overflow_surrounded_room,
          minmay_temple_entry_trees, serial_glass, glass_columns_b,
          glass_columns_c, kennysheep_minor_cross,
          hellmonk_guarded_unrand_hermit
D:6:      layout_basic, lemuel_tele_altar, uniq_maggie
D:7:      layout_rooms, chequers_temple_overflow_statue_of_worship,
          mainiacjoe_overflow_catwalk, uniq_jeremiah
D:8:      layout_gridville, nicolae_overflow_hidden_temple,
          nicolae_overflow_squiral, chequers_serial_rivers_room_b
D:9:      layout_irregular_city, lemuel_doored_altar, uniq_erica
D:10:     layout_loops_corners
D:11:     layout_irregular_city, due_lair_maze_entry_diamond, david_orc_2,
          serial_shops, shop
D:12:     layout_rooms, gammafunk_ghost_wrathful_warriors, grunt_tough_drop,
          uniq_nessos, uniq_nergalle, uniq_gastronok
D:13:     layout_roguey, nicolae_ru_great_annihilating_truth, uniq_josephine
D:14:     minmay_s_stair_smasher, layout_irregular_city, david_vaults_4,
          minmay_misc_feat_chi, minmay_misc_feat_secret_circle,
          nicolae_burly_brawl, uniq_agnes, uniq_jorgrun
D:15:     gammafunk_depths_entry_grave, layout_cave_pools,
          nicolae_uskayaw_suspiria, grunt_decor_mini_mirrors
Temple:   hellmonk_temple_beads
Lair:1:   layout_big_grid, serial_bayou_shore_b
Lair:2:   layout_misc_corridors, hellmonk_spider_entry_not_the_bees,
          gammafunk_ghost_icy, uniq_urug, uniq_harold
Lair:3:   layout_loops_ring, nicolae_swamp_entry_splash_gauntlet, uniq_amaemon
Lair:4:   layout_loops_ring, ebering_ghost_xom, serial_bayou_shore_b
Lair:5:   evilmike_catoblepas_cave, layout_cave_shapes,
          minmay_slime_entry_jelly_boxes
Swamp:1:  layout_basic_swamp, serial_swamp_ruin, evilmike_swamp_ruin_house_2,
          evilmike_swamp_ruin_house_1, evilmike_swamp_ruin_house_6,
          cheibrodos_swamp_minitomb, uniq_mlioglotl
Swamp:2:  layout_falls_marsh, hangedman_swamp_ruin_wall
Swamp:3:  layout_basic_swamp, evilmike_swamp_ruin_rubble_1, swamp_pool1,
          nicolae_swamp_wisp_ring_woods, uniq_louise
Swamp:4:  swamp_icy, layout_basic_swamp
Spider:1: layout_spider_delve, guppyfry_spider_mini_2
Spider:2: layout_cave_pods, hangedman_spider_tarantella_strand
Spider:3: layout_spider_delve, nicolae_spider_checkerboard, uniq_bai_suzhen,
          uniq_arachne
Spider:4: grunt_spider_rune_circles, nicolae_spider_swamp_cousins, uniq_roxanne,
          uniq_aizul, uniq_donald
Orc:1:    layout_diamond_mine, serial_shops, nicolae_shop_peninsula,
          basic_altar, bloody_makhleb
Orc:2:    st_orc_open, layout_caves, nicolae_orc_damp_corner, roderic_batcave
Elf:1:    nicolae_elf_arrival_dilemma, layout_onion_city, serial_shops,
          shop_fountains, minmay_elf_annihilation, minivault_26,
          minmay_shop_grove
Elf:2:    elven_hall_of_blades_hangedman_original [nicolae_blade_little_rooms],
          layout_loops_corners, serial_shops, statue_bzr, gammafunk_ghost_grave,
          drop_trap
Elf:3:    minmay_elf_hall_dome, layout_geoelf_octagon, minivault_16,
          grunt_ministairs_6, uniq_asterion, uniq_zenata
Vaults:1: v_alt_pattern_5, v_pattern_4, nicolae_vaults_little_squares_5,
          v_misc_24, nicolae_vaults_trapezoid_lopsided_4,
          nicolae_vaults_trapezoid_2, dpeg_vaults_monster_box,
          nicolae_vaults_tetromino_Z_1, layout_vaults_quadrants, serial_shops,
          shop, uniq_nikola

Skill      XL: |  1  2  3  4  5  6  7  8  9 10 11 12 13 14 15 16 17 18 19 |
---------------+----------------------------------------------------------+-----
Stealth        | 1 2 3 4 5 7 9 10 12 13 15 16 | 16.9
Armour         | 2 3 4 5 6 7 8 9 10 | 10.0
Fighting       | 3 4 5 6 7 8 9 10 11 12 13 14 | 14.7
Short Blades   | 4 5 6 7 8 9 10 11 12 13 14 | 14.3
Dodging        | 3 4 5 6 8 9 10 11 12 14 17 19 21 | 21.6
Shapeshifting  | 1 2 3 4 5 6 7 8 9 10 11 12 13 14 15 | 15.2
Shields        | 3 6 8 9 10 | 10.0
Invocations    | 2 |  2.3

Action                     |  1- 3 |  4- 6 |  7- 9 | 10-12 | 13-15 | 16-18 | 19-21 || total
---------------------------+-------+-------+-------+-------+-------+-------+-------++-------
  Melee: Short sword       |    72 |       |       |   275 |       |       |       ||   347
         Bite              |    13 |    18 |    64 |   136 |   186 |   854 |   268 ||  1539
         Dagger            |    54 |   119 |   490 |   196 |       |       |       ||   859
         Punch             |     1 |     1 |    10 |    13 |    10 |       |       ||    35
         Rapier            |       |       |       |   313 |  1226 |   145 |       ||  1684
         Maw               |       |       |       |       |    20 |    69 |       ||    89
         Quick blade       |       |       |       |       |       |  4110 |  1267 ||  5377
  Throw: Dart              |       |       |       |       |     1 |       |       ||     1
 Invoke: Berserk           |       |     1 |     9 |     9 |    21 |    18 |       ||    58
         Trog's Hand       |       |     1 |     1 |     5 |    20 |    11 |       ||    38
         Brothers in Arms  |       |       |       |     1 |     5 |     4 |       ||    10
         Minor Destruction |       |       |       |       |       |       |    34 ||    34
         Lesser Servant of |       |       |       |       |       |       |     2 ||     2
Ability: Exsanguinate      |       |     2 |       |       |       |       |       ||     2
         Revivify          |       |     2 |       |       |       |       |       ||     2
         Begin Untransform |       |       |       |       |     2 |       |       ||     2
  Evoke: Wand              |       |       |     1 |     1 |     2 |     7 |       ||    11
    Use: Potion            |       |     3 |       |     5 |    13 |     5 |       ||    26
         Scroll            |       |       |     5 |     6 |    21 |    11 |     5 ||    48
   Stab: Sleeping          |       |     5 |     7 |    29 |    30 |    60 |    10 ||   141
         Distracted        |       |       |     1 |     2 |     7 |    11 |     1 ||    22
         Paralysed         |       |       |     1 |       |       |     2 |       ||     3
         Petrified         |       |       |       |     3 |       |       |       ||     3
         Petrifying        |       |       |       |     2 |       |       |       ||     2
         Held in net/web   |       |       |       |       |       |     3 |       ||     3
         Confused          |       |       |       |       |       |     1 |       ||     1
 Armour: Animal skin       |     7 |       |       |       |       |       |       ||     7
         Ring mail         |    29 |    26 |    32 |       |       |       |       ||    87
         Swamp dragon scal |       |       |    41 |   239 |   383 |       |       ||   663
         Skin              |       |       |       |       |     5 |   907 |   300 ||  1212
  Dodge: Dodged            |    70 |    56 |   213 |   535 |  1053 |  3183 |   720 ||  5830
  Block: Buckler           |       |       |       |       |    97 |   555 |       ||   652
         Kite shield       |       |       |       |       |       |   975 |   539 ||  1514
   Form: Beast             |       |     2 |       |       |     1 |       |       ||     3
         Maw               |       |       |       |       |     2 |       |       ||     2
         Statue            |       |       |       |       |       |     1 |       ||     1

Table legend: (Time is in decaauts)
 A = Elapsed time spent in this place.
 B = Non-inter-level travel time spent in this place.
 C = Inter-level travel time spent in this place.
 D = Time resting spent in this place.
 E = Time spent auto-exploring this place.
 F = Levels seen in this place.
 G = Mean time per level.
                   A        B        C        D        E       F      G
               +--------+--------+--------+--------+--------+-----+--------+
         Total |  48849 |  45399 |   3450 |  10455 |  22793 |  35 | 1395.7 |
       Dungeon |  16015 |  14751 |   1264 |   3065 |   8473 |  15 | 1067.7 |
        Temple |     40 |     40 |      0 |      0 |      0 |   1 |   40.0 |
          Lair |   8611 |   7735 |    876 |   2235 |   3490 |   5 | 1722.2 |
         Swamp |   6105 |   5834 |    271 |   1111 |   2988 |   4 | 1526.2 |
   Spider Nest |   7049 |   6857 |    192 |    862 |   3720 |   4 | 1762.2 |
  Orcish Mines |   2603 |   2252 |    351 |    782 |    888 |   2 | 1301.5 |
   Elven Halls |   8319 |   7827 |    492 |   2399 |   3193 |   3 | 2773.0 |
        Vaults |    104 |    103 |      1 |      0 |     39 |   1 |  104.0 |
               +--------+--------+--------+--------+--------+-----+--------+

Top non-repeatable levels by time:
   Elf:2: 3446 daAuts
Spider:4: 2947 daAuts
   Elf:3: 2747 daAuts
  Lair:5: 2515 daAuts
 Swamp:4: 2162 daAuts
   Elf:1: 2126 daAuts
     D:6: 1919 daAuts
  Lair:1: 1913 daAuts
    D:14: 1893 daAuts
  Lair:2: 1744 daAuts
Spider:3: 1653 daAuts
 Swamp:3: 1527 daAuts
    D:11: 1457 daAuts
Spider:2: 1403 daAuts
   Orc:2: 1399 daAuts
